 Dungeon Crawl Stone Soup version 0.21.1-1-g345015f (webtiles) character file.

96 Fortress the Magician (level 4, -3/24 HPs)
             Began as a Deep Elf Wizard on June 14, 2018.
             Slain by Fang's ghost (14 damage)
             ... on level 3 of the Dungeon.
             The game lasted 00:13:51 (2572 turns).

Fortress the Magician (Deep Elf Wizard)             Turns: 2572, Time: 00:13:52

Health: -3/24      AC:  2    Str:  5    XL:     4   Next: 41%
Magic:  1/13       EV: 12    Int: 23    God:
Gold:   70         SH:  3    Dex: 13    Spells: 7/14 levels left

rFire    . . .     SeeInvis .   g - +0 dagger
rCold    . . .     Gourm    .   i - +0 buckler
rNeg     . . .     Faith    .   a - +0 robe
rPois    .         Spirit   .   b - +0 hat
rElec    .         Reflect  .   (no cloak)
rCorr    .         Harm     .   (no gloves)
MR       .....                  (no boots)
Stlth    ++........             (no amulet)
HPRegen  0.08/turn              (no ring)
MPRegen  0.13/turn              (no ring)

@: no status effects
A: no striking features
a: no special abilities


You were on level 3 of the Dungeon.
You were hungry.

You visited 1 branch of the dungeon, and saw 4 of its levels.

You collected 70 gold pieces.

Inventory:

Hand Weapons
 e - a +0 short sword
 g - a +0 dagger (weapon)
Missiles
 f - 48 stones (quivered)
 m - 19 poisoned needles
Armour
 a - a +0 robe (worn)
 b - a +0 hat (worn)
 i - a +0 buckler (worn)
Scrolls
 h - 2 scrolls of enchant armour {unknown}
 k - a scroll of identify {unknown}
 n - a scroll of fog {unknown}
 o - a scroll of remove curse {unknown}
 p - a scroll of immolation {unknown}
Potions
 j - a potion of might {unknown}
Books
 c - a book of Minor Magic

   Spells                             Type                      Level
   a - Magic Dart                     Conjuration                  1
   b - Blink                          Translocation                2
   c - Call Imp                       Summoning                    2
   d - Slow                           Hexes                        2
   e - Conjure Flame                  Conjuration/Fire             3
   f - Mephitic Cloud                 Conjuration/Poison/Air       3
Comestibles
 d - a ration


   Skills:
 + Level 2.7 Dodging
 - Level 2.7 Stealth
 * Level 0.6 Shields
 + Level 5.8 Spellcasting
 * Level 2.9 Conjurations
 + Level 1.1 Summonings
 + Level 1.1 Translocations


You had 7 spell levels left.
You knew the following spells:

 Your Spells              Type           Power        Failure   Level  Hunger
a - Magic Dart            Conj           ###.         3%          1    None
b - Blink                 Tloc           N/A          13%         2    None
c - Call Imp              Summ           ##......     13%         2    None
d - Slow                  Hex            #.......     21%         2    None


Dungeon Overview and Level Annotations

Branches:
Dungeon (4/15)
 Temple: D:4-7

Altars:

Annotations:
D:3 Fang's ghost, amateur GrBe


Message History

Fang's ghost is lightly damaged.
Casting: Magic Dart
Confirm with . or Enter, or press ? or * to list all spells.
Aiming: Magic Dart
Press: ? - help, Shift-Dir - straight line, f/p - Fang's ghost
Aim: Fang's ghost (lightly damaged)
The magic dart hits Fang's ghost.
Fang's ghost is lightly damaged.
You are feeling hungry.
You miss Fang's ghost.
Fang's ghost is lightly damaged.
Fang's ghost hits you.
You barely miss Fang's ghost.
Fang's ghost is lightly damaged.
Fang's ghost hits you!
You hit Fang's ghost but do no damage.
Fang's ghost is lightly damaged.
Fang's ghost hits you!
Ouch! That really hurt!
You die...

#..#.##..#.#
#..#.##..#.......#
#........####.####
#........#....$.
#.#..##..........#
#.#..##..#.......#
#.#......#...... .
#.#.##.W.# .....
#.#.##>@.# .....
#........# ....
######.### ####
#.# #.# #.# #.#
#.. ### ....


You could see Fang's ghost.

Vanquished Creatures
  5 adders
  2 worms
  2 leopard geckos (D:1)
  4 giant cockroaches
  5 goblins
  7 hobgoblins
  2 ball pythons (D:2)
  3 bats (D:1)
  2 frilled lizards
  4 kobolds
  7 rats
43 creatures vanquished.

Notes
Turn   | Place    | Note
-------+----------+-------------------------------------------
     0 | D:1      | Fortress the Deep Elf Wizard began the quest for the Orb.
     0 | D:1      | Reached XP level 1. HP: 10/10 MP: 7/7
    42 | D:2      | Reached XP level 2. HP: 7/15 MP: 4/9
   326 | D:1      | Reached skill level 5 in Spellcasting
   805 | D:1      | Reached XP level 3. HP: 5/19 MP: 2/11
  1319 | D:1      | Learned a level 2 spell: Blink
  1322 | D:1      | Learned a level 2 spell: Call Imp
  1325 | D:1      | Learned a level 2 spell: Slow
  2105 | D:2      | Reached XP level 4. HP: 24/24 MP: 10/13
  2552 | D:3      | Noticed Fang's ghost (amateur GrBe)
  2572 | D:3      | Slain by Fang's ghost

Skill      XL: |  1  2  3 |
---------------+----------+-----
Spellcasting   | 5 |  5.8
Conjurations   | 2 |  2.9
Dodging        | |  2.7
Stealth        | |  2.7
Shields        | |  0.6
Summonings     | |  1.1
Translocations | |  1.1

Action                   |  1- 3 |  4- 6 || total
-------------------------+-------+-------++-------
Melee: Spear             |    13 |       ||    13
       Dagger            |     6 |     8 ||    14
 Cast: Magic Dart        |    78 |    33 ||   111
  Eat: Ration            |     1 |       ||     1
       Chunk             |     1 |       ||     1
Armor: Robe              |     1 |       ||     1
Dodge: Dodged            |    23 |    12 ||    35
Block: Buckler           |     7 |     1 ||     8
